 Dungeon Crawl Stone Soup version 0.24-a0-769-g368c1644f8 (webtiles) character file.

Game seed: 1672080209215867328, levelgen mode: deterministic

203 MalarOregon the Conjurer (level 5, -3/38 HPs)
             Began as a Draconian Conjurer on Oct 6, 2019.
             Killed from afar by an orc wizard (10 damage)
             ... with a puff of frost
             ... on level 3 of the Dungeon.
             The game lasted 00:08:06 (3773 turns).

MalarOregon the Conjurer (Draconian Conjurer)       Turns: 3773, Time: 00:08:06

Health: -3/38      AC:  5    Str: 10    XL:     5   Next: 51%
Magic:  9/11       EV: 12    Int: 17    God:
Gold:   184        SH:  0    Dex: 11    Spells: 11/12 levels left

rFire    . . .     SeeInvis .   y - +1 war axe (elec)
rCold    . . .     Gourm    .   (no shield)
rNeg     . . .     Faith    .   (armour unavailable)
rPois    .         Spirit   .   (helmet restricted)
rElec    .         Reflect  .   (no cloak)
rCorr    .         Harm     .   (no gloves)
MR       .....                  (no boots)
Stlth    ++........             (no amulet)
HPRegen  0.12/turn              (no ring)
MPRegen  0.12/turn              (no ring)

@: no status effects
A: unfitting armour, cold-blooded, AC +5
a: no special abilities


You were on level 3 of the Dungeon.
You were hungry.

You visited 1 branch of the dungeon, and saw 3 of its levels.

You collected 184 gold pieces.

Inventory:

Hand Weapons
 o - a +1 dagger of venom
   (You took it off a goblin on level 2 of the Dungeon)
 y - a +1 war axe of electrocution (weapon)
   (You took it off an orc on level 3 of the Dungeon)
Missiles
 b - 25 poisoned darts (quivered)
Jewellery
 m - a cursed ring of attention {unknown}
   (You found it on level 1 of the Dungeon)
 s - an uncursed ring of protection from cold {unknown}
   (You found it on level 3 of the Dungeon)
 u - an uncursed ring of fire
   (You took it off an orc on level 2 of the Dungeon)
Wands
 c - a wand of disintegration (15)
   (You found it on level 3 of the Dungeon)
Scrolls
 a - a scroll of random uselessness {unknown}
 f - a scroll of noise {unknown}
 h - a scroll of remove curse {@r2}
 l - a scroll of blinking {unknown}
 p - 2 scrolls of fog {unknown}
 r - 3 scrolls of teleportation {@r4}
 t - a scroll of amnesia {unknown}
 v - a scroll of immolation {unknown}
Potions
 d - 2 potions of curing {@q1}
 g - 2 potions of mutation {!q}
 i - a potion of heal wounds {unknown}
 j - 2 potions of haste {@q3}
 k - a potion of brilliance {unknown}
 n - a potion of might {unknown}
 q - a potion of agility {unknown}
Comestibles
 e - 9 rations {!d}
 x - 2 chunks of flesh


   Skills:
 - Level 1.7 Dodging
 - Level 1.7 Stealth
 + Level 4.0 Spellcasting
 + Level 5.6 Conjurations


You had 11 spell levels left.
You knew the following spells:

 Your Spells              Type           Power        Failure   Level  Hunger
a - Magic Dart            Conj           ###.         1%          1    None

Your spell library contained the following spells:

 Spells                   Type           Power        Failure   Level  Hunger
 Searing Ray              Conj           ###...       2%          2    ##.....
 Dazzling Spray           Conj/Hex       ##....       16%         3    ###....
 Iskenderun's Mystic Bla  Conj           ###.....     16%         4    ####...
 Force Lance              Conj/Tloc      ##......     45%         4    ####...
 Fulminant Prism          Conj/Hex       ##........   45%         4    ####...


Dungeon Overview and Level Annotations

Branches:
Dungeon (3/15)

Altars:
Fedhas
Xom


Innate Abilities, Weirdness & Mutations

Your plain brown scales are hard. (AC +5)
You cannot fit into any form of body armour.
You are cold-blooded and may be slowed by cold attacks.


Message History

Something hits you. The orc barely misses you.
Unknown command.
You slash the orc! Lightning courses through the orc!
You kill the orc!
You barely miss something.
You hear some strange, mumbled words.
A magic dart appears from out of thin air!
The magic dart hits you but does no damage.
Something hits you but does no damage. The orc closely misses you.
Something hits you.
You hit the orc.
You tail-slap the orc, but do no damage.
You miss something. The orc hits you but does no damage.
Something hits you but does no damage.
You closely miss the orc. You closely miss something.
Something hits you but does no damage. The orc hits you but does no damage.
Something hits you but does no damage. The orc barely misses you.
You closely miss the orc. You hit something. Something hits you.
You hear some strange, mumbled words.
A puff of frost appears from out of thin air!
The puff of frost hits you. The orc hits you but does no damage.
Unknown command.
You hit the orc.
You kill the orc!
You miss something. Something hits you. Something hits you.
You closely miss something. Something hits you but does no damage.
Something hits you.
You closely miss something.
You hear some strange, mumbled words.
A puff of flame appears from out of thin air!
The puff of flame hits you!
* * * LOW HITPOINT WARNING * * *
The magic dart hits something.
Something hits you.
* * * LOW HITPOINT WARNING * * *
Something hits you.
* * * LOW HITPOINT WARNING * * *
The magic dart hits something.
You hear some strange, mumbled words.
A puff of frost appears from out of thin air!
The puff of frost hits you!
You die...

....#..........#####
...............####
..................#
...............##.#
...............#..#
#...........<..#.##
#..##..........#.#
..#####...######.#
..........## #{@#
...........####)####
##..##.#.#..)......#
##..##.#.###.......#
.<..##.#.# #..........
###.##.#.#######.....ooo
###.....................
.....................o..
........รท....###........


There were no monsters in sight!

Vanquished Creatures
  An orc priest (D:3)
  An orc wizard (D:3)
  A worker ant (D:3)
  3 adders
  2 oozes
  A worm (D:2)
  3 leopard geckos
  12 orcs
  A ball python (D:3)
  2 giant cockroaches
  8 goblins
  11 hobgoblins
  7 kobolds
  A quokka (D:3)
  6 bats
  6 frilled lizards
  4 rats
70 creatures vanquished.

Vanquished Creatures (others)
  An orc (D:3)
1 creature vanquished.

Grand Total: 71 creatures vanquished

Notes
Turn   | Place    | Note
-------+----------+-------------------------------------------
     0 | D:1      | MalarOregon the Draconian Conjurer began the quest for the
                  | Orb.
     0 | D:1      | Reached XP level 1. HP: 14/14 MP: 3/3
   326 | D:1      | Reached XP level 2. HP: 20/20 MP: 1/5
  1264 | D:2      | Reached XP level 3. HP: 7/26 MP: 0/7
  2201 | D:2      | Found a shimmering altar of Xom.
  2555 | D:2      | Found a blossoming altar of Fedhas.
  2726 | D:3      | Reached XP level 4. HP: 33/33 MP: 3/8
  2857 | D:3      | Reached skill level 5 in Conjurations
  3231 | D:3      | Reached XP level 5. HP: 12/38 MP: 2/10
  3773 | D:3      | Killed from afar by an orc wizard

Levels and vault maps discovered:
D:1:      psy_arrival_basics, layout_rooms, chequers_avenue,
          chequers_serial_rivers_large_b
D:2:      layout_loops_ring, lemuel_coloured_pillars_altar, tgw_xom
D:3:      layout_rooms, first_ration, minmay_randomly_rotated_circles

Skill      XL: |  1  2  3  4  5 |
---------------+----------------+-----
Spellcasting   | 3 4 |  4.0
Conjurations   | 5 |  5.6
Dodging        | |  1.7
Stealth        | |  1.7

Action                   |  1- 3 |  4- 6 || total
-------------------------+-------+-------++-------
Melee: Unarmed           |     6 |       ||     6
       Dagger            |    18 |    29 ||    47
       Tailslap          |     9 |     5 ||    14
       Spear             |    44 |       ||    44
       War axe           |       |    27 ||    27
Throw: Dart              |     4 |       ||     4
 Cast: Magic Dart        |    72 |    34 ||   106
  Use: Scroll            |     6 |     1 ||     7
 Stab: Sleeping          |     1 |       ||     1
       Paralysed         |       |     1 ||     1
  Eat: Chunk             |     6 |     3 ||     9
Armor: Skin              |    30 |    16 ||    46
Dodge: Dodged            |    44 |    33 ||    77

Table legend:
 A = Non-vault XP
 B = Vault XP
 C = Vault XP percentage of total XP
 D = Non-vault monster count
 E = Vault monster count
 F = Vault count percentage of total count
                 A         B        C        D         E       F
            +---------+---------+-------+---------+---------+-------
      Total |     255 |      36 |  12.4 |      61 |      10 |  14.1
            +---------+---------+-------+---------+---------+-------
        D:1 |      23 |       0 |   0.0 |      14 |       0 |   0.0
        D:2 |      60 |      12 |  16.7 |      25 |       4 |  13.8
        D:3 |     172 |      24 |  12.2 |      22 |       6 |  21.4
            +---------+---------+-------+---------+---------+-------
